 Dungeon Crawl Stone Soup version 0.30-a0-953-g5f1da4a474 (webtiles) character file.

Game seed: 7565201923292320779

121 Zenkrye the Poker (level 5, 0/41 HPs)
             Began as a Human Cinder Acolyte on Mar 28, 2023.
             Was a High Priest of Ignis.
             Slain by Grinder (4 damage)
             ... while paralysed by Grinder
             ... on level 3 of the Dungeon.
             The game lasted 00:06:13 (2196 turns).

Zenkrye the Poker (Human Cinder Acolyte)            Turns: 2196, Time: 00:06:13

Health: 0/41       AC:  6    Str: 16    XL:     5   Next: 26%
Magic:  1/6        EV:  2    Int: 15    God:    Ignis [*****.]
Gold:   195        SH:  0    Dex:  8    Spells: 4/6 levels left

rFire   + . .      SeeInvis .    a - -1 spear (flame)
rCold   . . .      Faith    .    (no shield)
rNeg    . . .      Spirit   .    d - +0 ring mail
rPois   .          Reflect  .    (no helmet)
rElec   .          Rampage  .    (no cloak)
rCorr   .                        (no gloves)
Will    .....                    n - +0 pair of boots Stlth
                                 (no amulet)
HPRegen 0.26/turn                (no ring)
MPRegen 0.10/turn                (no ring)

@: paralysed
A: no striking features
a: Renounce Religion, Fiery Armour, Foxfire Swarm, Rising Flame


You were on level 3 of the Dungeon.
You worshipped Ignis.
Ignis was extremely pleased with you.
You visited 1 branch of the dungeon, and saw 3 of its levels.

You collected 195 gold pieces.

Inventory:

Hand Weapons
 a - a -1 spear of flaming (weapon)
 c - a +0 trident
Missiles
 j - 4 boomerangs (quivered)
Armour
 b - a +0 robe
 d - a +0 ring mail (worn)
 n - a +0 pair of boots (worn)
Magical Staves
 o - a staff of poison
 q - a staff of cold
Scrolls
 g - a scroll of teleportation {unknown}
 i - a scroll of identify {@r1}
Potions
 e - 4 potions of brilliance
 f - a potion of degeneration
 k - 2 potions of magic
 l - a potion of curing {@q1}
 m - 2 potions of haste {unknown}
 p - a potion of invisibility {unknown}


   Skills:
 - Level 3.0 Fighting
 + Level 5.6 Polearms
 - Level 1.0 Spellcasting
 - Level 3.0 Fire Magic


You had 4 spell levels left.
You knew the following spells:

 Your Spells              Type           Power      Damage    Failure   Level
a - Scorch                Fire           18%        2d6       21%         2

Your spell library contained the following spells:

 Spells                   Type           Power      Damage    Failure   Level
 Ensorcelled Hibernation  Hex/Ice        0%         N/A       56%         2
 Frozen Ramparts          Ice            0%         1d1       80%         3
 Spider Form              Tmut/Pois      0%         N/A       80%         3
 Anguish                  Hex/Necr       0%         N/A       99%         4
 Death Channel            Necr           0%         N/A       100%        6
 Simulacrum               Ice/Necr       0%         N/A       100%        6


Dungeon Overview and Level Annotations

Branches:
Dungeon (3/15)

Altars:

Annotations:
D:2 Sigmund
D:3 Grinder


Message History

Grinder is heavily wounded.
Grinder says, "FISH!"
Grinder hits you.
You writhe in agony.
Casting: Scorch (safe; 21% risk of failure)
Confirm with . or Enter, or press ? or * to list all spells.
Flames lash Grinder.
Grinder is burned terribly!
Grinder is severely wounded.
Grinder says, "Don't move a muscle."
Grinder gestures at you.
You suddenly lose the ability to move!
Grinder hits you.
You writhe in agony.
Grinder looks more healthy.
Grinder hits you.
You writhe in agony.
Grinder gestures at you. Pain shoots through your body!
* * * LOW HITPOINT WARNING * * *
You can move again.
You completely miss Grinder.
Grinder is severely wounded.
You feel better. Grinder hits you.
You writhe in agony.
* * * LOW HITPOINT WARNING * * *
You feel better. Grinder gestures at you. Pain shoots through your body!
As you read the scroll of identify {@r1}, it crumbles to dust.
f - a potion of degeneration Grinder hits you.
* * * LOW HITPOINT WARNING * * *
You writhe in agony.
* * * LOW HITPOINT WARNING * * *
As you read the scroll of identify {@r1}, it crumbles to dust.
k - 2 potions of magic Grinder gestures at you.
You suddenly lose the ability to move!
Grinder gestures at you. Pain shoots through your body!
* * * LOW HITPOINT WARNING * * *
Grinder hits you.
* * * LOW HITPOINT WARNING * * *
You writhe in agony.
You die...

.........##.#######..
######(#.##.# ##.
######.#.##.#########
#.#....(.#.##..........
#.#.#...##.##..########
#.#.#................##
#.......######.#####.#.
##....#5## #.# #....
#......@# #.# ##.#.
#.......#######.# #.##
#............##.#####.##
###...#.####.##...).....
#.[.#.# ######.###
##)##.# #.# # #.##.# #.#
# #.##.# #.# # #.##.####
#######.###


You could see Grinder (combustible).

Vanquished Creatures
  Terence (D:2)
  2 adders (D:2)
  2 worms (D:2)
  2 dart slugs
  7 endoplasms
  3 giant cockroaches (D:1)
  8 goblins
  2 hobgoblins (D:1)
  3 jackals (D:1)
  A quokka (D:2)
  11 ball pythons
  6 bats
  6 frilled lizards
  6 kobolds
  9 rats
69 creatures vanquished.

Notes
Turn   | Place    | Note
-------+----------+-------------------------------------------
     0 | D:1      | Zenkrye the Human Cinder Acolyte began the quest for the
                  | Orb.
     0 | D:1      | Reached XP level 1. HP: 18/18 MP: 2/2
    29 | D:1      | Reached XP level 2. HP: 24/24 MP: 3/3
    32 | D:1      | Learned a level 2 spell: Scorch
   278 | D:1      | Reached skill level 4 in Polearms
   278 | D:1      | Reached XP level 3. HP: 25/29 MP: 4/4
   473 | D:1      | Got the Compilation of the Grim Snowflakes
   664 | D:2      | Noticed Terence
   681 | D:2      | Killed Terence
   682 | D:2      | Reached skill level 5 in Polearms
   682 | D:2      | Reached XP level 4. HP: 22/35 MP: 1/5
   981 | D:2      | Noticed Sigmund
  1321 | D:2      | Reached XP level 5. HP: 38/41 MP: 3/6
  1354 | D:3      | Noticed Grinder
  2163 | D:3      | Paralysed by Grinder for 2 turns
  2186 | D:3      | Paralysed by Grinder for 4 turns
  2194 | D:3      | Paralysed by Grinder for 3 turns
  2196 | D:3      | Slain by Grinder

Illustrated notes

Levels and vault maps discovered:
D:1:      mrwooster_arrival_statue_2, layout_rooms, minmay_circled_x
D:2:      layout_basic, minivault_23, minmay_hexomino_f4, uniq_terence,
          uniq_sigmund
D:3:      cheibrodos_helix_gallery, layout_loops_ring, uniq_grinder

Skill      XL: |  1  2  3 |
---------------+----------+-----
Polearms       | 4 5 |  5.6
Fighting       | |  3.0
Spellcasting   | |  1.0
Fire Magic     | |  3.0

Action                     |  1- 3 |  4- 6 || total
---------------------------+-------+-------++-------
  Melee: Spear             |   135 |    90 ||   225
         Punch             |     1 |     1 ||     2
  Throw: Dart              |     8 |     5 ||    13
         Boomerang         |       |     3 ||     3
   Cast: Scorch            |     5 |     7 ||    12
    Use: Scroll            |     5 |     2 ||     7
         Potion            |     1 |     2 ||     3
 Armour: Robe              |    14 |     2 ||    16
         Ring mail         |       |    17 ||    17
  Dodge: Dodged            |    64 |    35 ||    99

Table legend: (Time is in decaauts)
 A = Elapsed time spent in this place.
 B = Non-inter-level travel time spent in this place.
 C = Inter-level travel time spent in this place.
 D = Time resting spent in this place.
 E = Time spent auto-exploring this place.
 F = Levels seen in this place.
 G = Mean time per level.
                   A        B        C        D        E       F      G
               +--------+--------+--------+--------+--------+-----+--------+
         Total |   2170 |   2064 |    106 |    114 |   1382 |   3 |  723.3 |
       Dungeon |   2170 |   2064 |    106 |    114 |   1382 |   3 |  723.3 |
               +--------+--------+--------+--------+--------+-----+--------+

Top non-repeatable levels by time:
     D:2: 1091 daAuts
     D:1: 722 daAuts
     D:3: 355 daAuts
